TOP OF THE 1ST |
Oakland Athletics batting - Pitching for Chicago White Sox : RHP Ricky Salas
|
Pitching: RHP Ricky Salas
|
|
Batting: SHB Quincy Bradford
|
0-0: Called Strike 0-1: Fly out, F9 (Flyball, 89M, EV 78.8 MPH)
|
Batting: RHB Jason May
|
0-0: Called Strike 0-1: Foul Ball, location: 2F 0-2: Ground out 1-3 (Groundball, 34S, EV 68.1 MPH)
|
Batting: LHB Sakae Kasahara
|
0-0: Ball 1-0: Ball 2-0: Ball 3-0: Called Strike 3-1: Swinging Strike 3-2: Strikes out swinging
|
Top of the 1st over - 0 runs, 0 hits, 0 errors, 0 left on base; Oakland 0 - Chicago 0 |
BOTTOM OF THE 1ST |
Chicago White Sox batting - Pitching for Oakland Athletics : RHP Corbin Schenn
|
Pitching: RHP Corbin Schenn
|
|
Batting: RHB Brad Boals
|
0-0: Fly out, F8 (Flyball, 8LS, EV 86.9 MPH)
|
Batting: SHB Cesar Herrera
|
0-0: Called Strike 0-1: Ball 1-1: Foul Ball, location: 2F 1-2: Foul Ball, location: 2F 1-2: Ball 2-2: Ball 3-2: Fly out, F7 (Line Drive, 7S, EV 96.2 MPH)
|
Batting: LHB Randy Rosenberry
|
0-0: Ball 1-0: Ball 2-0: Ball 3-0: Base on Balls
|
Batting: RHB Joseph Disepolo
|
0-0: Ball 1-0: Called Strike 1-1: Foul Ball, location: 2F 1-2: Foul Ball, location: 2F 1-2: Ball 2-2: Ground out 4-3 (Groundball, 4, EV 104.4 MPH)
|
Bottom of the 1st over - 0 runs, 0 hits, 0 errors, 1 left on base; Oakland 0 - Chicago 0 |
TOP OF THE 2ND |
Oakland Athletics batting - Pitching for Chicago White Sox : RHP Ricky Salas
|
Batting: RHB Muneo Kawachi
|
0-0: Foul Ball, location: 2F 0-1: Ball 1-1: Foul Ball, location: 2F 1-2: Ball 2-2: Foul Ball, location: 2F 2-2: Ground out 6-3 (Groundball, 56, EV 101.2 MPH)
|
Batting: LHB Stu Sornson
|
0-0: Ball 1-0: Swinging Strike 1-1: Ball 2-1: Called Strike 2-2: Ground out 6-3 (Groundball, 6, EV 102.5 MPH)
|
Batting: RHB Edwin Madrid
|
0-0: Called Strike 0-1: Ball 1-1: Swinging Strike 1-2: Fly out, F7 (Line Drive, 7D, EV 91.2 MPH)
|
Top of the 2nd over - 0 runs, 0 hits, 0 errors, 0 left on base; Oakland 0 - Chicago 0 |
BOTTOM OF THE 2ND |
Chicago White Sox batting - Pitching for Oakland Athletics : RHP Corbin Schenn
|
Batting: LHB Jack Christie
|
0-0: Called Strike 0-1: Swinging Strike 0-2: Ball 1-2: SINGLE (Groundball, 56D, EV 94.4 MPH)
|
Batting: RHB Chris Cooper
|
0-0: Foul Ball, location: 2F 0-1: Foul Ball, location: 2F 0-2: Foul Ball, location: 2F 0-2: Ball 1-2: Ball 2-2: Foul Ball, location: 2F 2-2: Grounds into double play, 6-4-3 (Groundball, 6MD, EV 101.9 MPH)
|
Batting: SHB Rich Chavez
|
0-0: Foul Ball, location: 2F 0-1: Ball 1-1: Swinging Strike 1-2: Ball 2-2: Strikes out swinging
|
Bottom of the 2nd over - 0 runs, 1 hit, 0 errors, 0 left on base; Oakland 0 - Chicago 0 |
TOP OF THE 3RD |
Oakland Athletics batting - Pitching for Chicago White Sox : RHP Ricky Salas
|
Batting: SHB Ryan Langlois
|
0-0: Ball 1-0: SINGLE (Groundball, 4MD, EV 99.4 MPH)
|
Batting: LHB Al Hernandez
|
0-0: Ball 1-0: Ball Ryan Langlois steals 2nd base 2-0: Foul Ball, location: 2F 2-1: Foul Ball, location: 2F 2-2: Foul Ball, location: 2F 2-2: Strikes out swinging
|
Batting: RHB Philip Jansen
|
0-0: Called Strike 0-1: Ball 1-1: Called Strike 1-2: Foul Ball, location: 2F 1-2: Strikes out looking
|
Batting: SHB Quincy Bradford
|
0-0: Ball 1-0: Ball 2-0: Ball 3-0: Base on Balls
|
Batting: RHB Jason May
|
0-0: Ball 1-0: Swinging Strike 1-1: Swinging Strike 1-2: Foul Ball, location: 2F 1-2: Foul Ball, location: 2F 1-2: Ground out 2-3 (Groundball, 2L, EV 63.8 MPH)
|
Top of the 3rd over - 0 runs, 1 hit, 0 errors, 2 left on base; Oakland 0 - Chicago 0 |
BOTTOM OF THE 3RD |
Chicago White Sox batting - Pitching for Oakland Athletics : RHP Corbin Schenn
|
Batting: RHB Leo Navarro
|
0-0: Ball 1-0: Ball 2-0: Ball 3-0: Base on Balls
|
Batting: RHB Dieter Knoops
|
0-0: Called Strike 0-1: Ball 1-1: Sac Bunt to 3S - play at first, batter OUT! 3-4 Leo Navarro to second
|
Batting: RHB Brad Boals
|
0-0: Ball 1-0: Swinging Strike 1-1: Called Strike 1-2: Ball 2-2: Ball 3-2: Foul Ball, location: 2F 3-2: Base on Balls
|
Batting: SHB Cesar Herrera
|
0-0: Ball 1-0: Ball 2-0: SINGLE (Line Drive, 7LM, EV 106.9 MPH) Leo Navarro to third Brad Boals to second
|
Batting: LHB Randy Rosenberry
|
0-0: Foul Ball, location: 2F 0-1: Fly out, F7 (Flyball, 7LM, EV 100.0 MPH) Runner from 3rd tags up, SCORES, throw by LF Brad Boals to third
|
Batting: RHB Joseph Disepolo
|
0-0: Ball 1-0: Foul Ball, location: 2F 1-1: Fielders Choice at 2nd, U4 (Groundball, 4M, EV 87.5 MPH)
|
Bottom of the 3rd over - 1 run, 1 hit, 0 errors, 2 left on base; Oakland 0 - Chicago 1 |
TOP OF THE 4TH |
Oakland Athletics batting - Pitching for Chicago White Sox : RHP Ricky Salas
|
Batting: LHB Sakae Kasahara
|
0-0: Called Strike 0-1: Fly out, F7 (Flyball, 78M, EV 92.5 MPH)
|
Batting: RHB Muneo Kawachi
|
0-0: Ball 1-0: Swinging Strike 1-1: Called Strike 1-2: Foul Ball, location: 2F 1-2: Ball 2-2: Foul Ball, location: 2F 2-2: Strikes out swinging
|
Batting: LHB Stu Sornson
|
0-0: SINGLE (Groundball, 4D, EV 101.2 MPH)
|
Batting: RHB Edwin Madrid
|
0-0: Ball 1-0: Ball 2-0: Called Strike 2-1: Foul Ball, location: 2F 2-2: Ball 3-2: Base on Balls Stu Sornson to second
|
Batting: SHB Ryan Langlois
|
0-0: Foul Ball, location: 2F 0-1: Called Strike 0-2: Ground out U3 (Groundball, 34, EV 84.4 MPH)
|
Top of the 4th over - 0 runs, 1 hit, 0 errors, 2 left on base; Oakland 0 - Chicago 1 |
BOTTOM OF THE 4TH |
Chicago White Sox batting - Pitching for Oakland Athletics : RHP Corbin Schenn
|
Batting: LHB Jack Christie
|
0-0: Ball 1-0: SINGLE (Groundball, 34D, EV 106.2 MPH)
|
Batting: RHB Chris Cooper
|
0-0: Ball 1-0: Sac Bunt to 13S - play at first, batter OUT! 1-3 Jack Christie to second
|
Batting: SHB Rich Chavez
|
0-0: Swinging Strike 0-1: Called Strike 0-2: Ball 1-2: Ball 2-2: Foul Ball, location: 2F 2-2: Ball 3-2: Fly out, F7 (Flyball, 7LSF, EV 71.9 MPH)
|
Batting: RHB Leo Navarro
|
0-0: Ball 1-0: Foul Ball, location: 2F 1-1: Called Strike 1-2: 2-RUN HOME RUN (Flyball, 7D, EV 98.8 MPH), Distance : 367 ft
|
Batting: RHB Dieter Knoops
|
0-0: Ball 1-0: Foul Ball, location: 2F 1-1: Ball 2-1: Foul Ball, location: 2F 2-2: SINGLE (Line Drive, 3D, EV 96.9 MPH)
|
Batting: RHB Brad Boals
|
0-0: Ball 1-0: Foul Ball, location: 2F 1-1: Ball 2-1: Fielders Choice at 2nd, 4-6 (Groundball, 4MD, EV 101.2 MPH)
|
Bottom of the 4th over - 2 runs, 3 hits, 0 errors, 1 left on base; Oakland 0 - Chicago 3 |
TOP OF THE 5TH |
Oakland Athletics batting - Pitching for Chicago White Sox : RHP Ricky Salas
|
Batting: LHB Al Hernandez
|
0-0: Ball 1-0: Foul Ball, location: 2F 1-1: Ball 2-1: Swinging Strike 2-2: Fly out, F7 (Flyball, 7LM, EV 90.6 MPH)
|
Batting: RHB Philip Jansen
|
0-0: SINGLE (Groundball, 56D, EV 99.4 MPH)
|
Batting: SHB Quincy Bradford
|
0-0: Ball 1-0: Ball 2-0: 2-RUN HOME RUN (Flyball, 9LD, EV 93.1 MPH), Distance : 364 ft
|
Batting: RHB Jason May
|
0-0: Foul Ball, location: 2F 0-1: Swinging Strike 0-2: Ball 1-2: Strikes out looking
|
Batting: LHB Sakae Kasahara
|
0-0: Called Strike 0-1: Foul Ball, location: 2F 0-2: Ball 1-2: SINGLE (Line Drive, 34D, EV 93.8 MPH)
|
Batting: RHB Muneo Kawachi
|
0-0: Foul Ball, location: 2F 0-1: Ball 1-1: Foul Ball, location: 2F 1-2: Ball 2-2: Foul Ball, location: 2F 2-2: Ball 3-2: Foul Ball, location: 2F 3-2: Base on Balls Sakae Kasahara to second
|
Batting: LHB Stu Sornson
|
0-0: Ball 1-0: Called Strike 1-1: Called Strike 1-2: Ball 2-2: Ground out U3 (Groundball, 3, EV 103.1 MPH)
|
Top of the 5th over - 2 runs, 3 hits, 0 errors, 2 left on base; Oakland 2 - Chicago 3 |
BOTTOM OF THE 5TH |
Chicago White Sox batting - Pitching for Oakland Athletics : RHP Corbin Schenn
|
Batting: SHB Cesar Herrera
|
0-0: Swinging Strike 0-1: Ball 1-1: Fly out, F9 (Flyball, 89M, EV 90.6 MPH)
|
Batting: LHB Randy Rosenberry
|
0-0: Called Strike 0-1: Ball 1-1: Ball 2-1: Foul Ball, location: 2F 2-2: Ball 3-2: Foul Ball, location: 2F 3-2: Ground out 6-3 (Groundball, 4MS, EV 80.0 MPH)
|
Batting: RHB Joseph Disepolo
|
0-0: Ball 1-0: Ball 2-0: Swinging Strike 2-1: Ball 3-1: Base on Balls
|
Pitching: RHP Orlando Giron
|
|
Batting: LHB Jack Christie
|
0-0: Ground out 4-3 (Groundball, 4, EV 81.9 MPH)
|
Bottom of the 5th over - 0 runs, 0 hits, 0 errors, 1 left on base; Oakland 2 - Chicago 3 |
TOP OF THE 6TH |
Oakland Athletics batting - Pitching for Chicago White Sox : RHP Ricky Salas
|
Batting: RHB Edwin Madrid
|
0-0: Called Strike 0-1: Called Strike 0-2: Fly out, F3 (Popup, 34, EV 58.1 MPH)
|
Batting: SHB Ryan Langlois
|
0-0: Swinging Strike 0-1: Ground out 4-3 (Groundball, 4, EV 88.1 MPH)
|
Batting: LHB Al Hernandez
|
0-0: Ball 1-0: Called Strike 1-1: Ball 2-1: Swinging Strike 2-2: Strikes out looking
|
Top of the 6th over - 0 runs, 0 hits, 0 errors, 0 left on base; Oakland 2 - Chicago 3 |
BOTTOM OF THE 6TH |
Chicago White Sox batting - Pitching for Oakland Athletics : RHP Orlando Giron
|
Batting: RHB Chris Cooper
|
0-0: Called Strike 0-1: Ball 1-1: Ball 2-1: Foul Ball, location: 2F 2-2: Foul Ball, location: 2F 2-2: Foul Ball, location: 2F 2-2: Foul Ball, location: 2F 2-2: Foul Ball, location: 2F 2-2: Foul Ball, location: 2F 2-2: Ball 3-2: Foul Ball, location: 2F 3-2: Foul Ball, location: 2F 3-2: Fly out, F7 (Line Drive, 7D, EV 93.1 MPH)
|
Batting: SHB Rich Chavez
|
0-0: Foul Ball, location: 2F 0-1: Swinging Strike 0-2: Ball 1-2: Foul Ball, location: 2F 1-2: Ball 2-2: Ball 3-2: Strikes out swinging
|
Batting: RHB Leo Navarro
|
0-0: Foul Ball, location: 2F 0-1: Swinging Strike 0-2: Foul Ball, location: 2F 0-2: Foul Ball, location: 2F 0-2: Foul Ball, location: 2F 0-2: Strikes out swinging
|
Bottom of the 6th over - 0 runs, 0 hits, 0 errors, 0 left on base; Oakland 2 - Chicago 3 |
TOP OF THE 7TH |
Oakland Athletics batting - Pitching for Chicago White Sox : RHP Ricky Salas
|
Batting: RHB Philip Jansen
|
0-0: Swinging Strike 0-1: Ball 1-1: Swinging Strike 1-2: Ball 2-2: Strikes out swinging
|
Batting: SHB Quincy Bradford
|
0-0: Called Strike 0-1: Swinging Strike 0-2: Ball 1-2: Ball 2-2: Strikes out swinging
|
Batting: RHB Jason May
|
0-0: Foul Ball, location: 2F 0-1: Foul Ball, location: 2F 0-2: Strikes out looking
|
Top of the 7th over - 0 runs, 0 hits, 0 errors, 0 left on base; Oakland 2 - Chicago 3 |
BOTTOM OF THE 7TH |
Chicago White Sox batting - Pitching for Oakland Athletics : RHP Orlando Giron
|
Batting: RHB Dieter Knoops
|
0-0: Ball 1-0: Called Strike 1-1: Ball 2-1: Foul Ball, location: 2F 2-2: Ball 3-2: SOLO HOME RUN (Flyball, 78XD, EV 100.0 MPH), Distance : 396 ft
|
Batting: RHB Brad Boals
|
0-0: Ball 1-0: Called Strike 1-1: Foul Ball, location: 2F 1-2: Strikes out swinging
|
Batting: SHB Cesar Herrera
|
0-0: Called Strike 0-1: Foul Ball, location: 2F 0-2: Strikes out swinging
|
Batting: LHB Randy Rosenberry
|
0-0: Ball 1-0: Called Strike 1-1: Ball 2-1: Ball 3-1: Base on Balls
|
Batting: RHB Joseph Disepolo
|
0-0: Called Strike 0-1: Ball 1-1: Called Strike 1-2: Ball Randy Rosenberry is caught stealing 2nd base 2-4
|
Bottom of the 7th over - 1 run, 1 hit, 0 errors, 0 left on base; Oakland 2 - Chicago 4 |
TOP OF THE 8TH |
Oakland Athletics batting - Pitching for Chicago White Sox : RHP Ricky Salas
|
Pitching: LHP Rhett Beers
|
|
Now at 1B: Rich Chavez
|
|
Now at 2B: Matt Thompson
|
|
Batting: LHB Sakae Kasahara
|
0-0: Ball 1-0: Foul Ball, location: 2F 1-1: Ball 2-1: Foul Ball, location: 2F 2-2: Foul Ball, location: 2F 2-2: Strikes out looking
|
Batting: RHB Muneo Kawachi
|
0-0: Fly out, F7 (Flyball, 7D, EV 100.6 MPH)
|
Pinch Hitting: RHB Randy Shrewsbury
|
0-0: Fly out, F9 (Flyball, 89S, EV 88.8 MPH)
|
Top of the 8th over - 0 runs, 0 hits, 0 errors, 0 left on base; Oakland 2 - Chicago 4 |
BOTTOM OF THE 8TH |
Chicago White Sox batting - Pitching for Oakland Athletics : RHP Orlando Giron
|
Pitching: RHP Germano Nunes
|
|
Now in LF: Moe Lester
|
|
Batting: RHB Joseph Disepolo
|
0-0: Foul Ball, location: 2F 0-1: Ball 1-1: Foul Ball, location: 2F 1-2: Ball 2-2: Foul Ball, location: 2F 2-2: Fly out, F4 (Popup, 23, EV 85.0 MPH)
|
Batting: RHB Matt Thompson
|
0-0: Ground out 5-3 (Groundball, 5L, EV 94.4 MPH)
|
Batting: RHB Chris Cooper
|
0-0: Fly out, F7 (Flyball, 78D, EV 99.4 MPH)
|
Bottom of the 8th over - 0 runs, 0 hits, 0 errors, 0 left on base; Oakland 2 - Chicago 4 |
TOP OF THE 9TH |
Oakland Athletics batting - Pitching for Chicago White Sox : LHP Rhett Beers
|
Pitching: RHP Zach Ault
|
|
Batting: RHB Edwin Madrid
|
0-0: Ball 1-0: Ball 2-0: Foul Ball, location: 2F 2-1: Foul Ball, location: 2F 2-2: Foul Ball, location: 2F 2-2: Fly out, F3 (Popup, 3F, EV 73.8 MPH)
|
Batting: SHB Ryan Langlois
|
0-0: Swinging Strike 0-1: Ball 1-1: Foul Ball, location: 2F 1-2: Foul Ball, location: 2F 1-2: Ball 2-2: Ball 3-2: Foul Ball, location: 2F 3-2: Base on Balls
|
Pitching: RHP Jacob Taylor
|
|
Batting: LHB Al Hernandez
|
0-0: Called Strike 0-1: Ball 1-1: Grounds into double play, 4-6-3 (Groundball, 4M, EV 83.8 MPH)
|
Top of the 9th over - 0 runs, 0 hits, 0 errors, 0 left on base; Oakland 2 - Chicago 4 |
|